 Dungeon Crawl Stone Soup version 0.30.1 (webtiles) character file.

Game seed: 7265798282723888558

86 Graphine the Covered (level 4, -4/40 HPs)
             Began as an Armataur Fighter on July 7, 2023.
             Killed by nerve-wracking pain
             ... invoked by an orc priest
              (14 damage)
             ... on level 3 of the Dungeon.
             The game lasted 00:02:20 (1577 turns).

Graphine the Covered (Armataur Fighter)             Turns: 1577, Time: 00:02:21

Health: -4/40      AC:  7    Str: 23    XL:     4   Next: 27%
Magic:  4/4        EV:  7    Int: 15    God:
Gold:   120        SH:  4    Dex:  9    Spells: 3/3 levels left

rFire   . . .        a - +0 flail
rCold   . . .        c - +0 buckler
rNeg    . . .        b - +0 scale mail
rPois   .            (no helmet)
rElec   .            (no cloak)
rCorr   .            (no gloves)
SInv    .            (no barding)
Will    .....        l - amulet of regeneration Stlth
                     g - +6 ring of intelligence
HPRegen 1.06/turn    (no ring)
MPRegen 0.09/turn

%: roll
@: no status effects
A: large, rugged brown scales 3, deformed body, armoured tail, roll, long
tongue, awkward tongue
a: no special abilities


You were on level 3 of the Dungeon.
You visited 1 branch of the dungeon, and saw 3 of its levels.

You collected 120 gold pieces.

Inventory:

Hand Weapons
 a - a +0 flail (weapon)
Missiles
 h - a throwing net (quivered)
Armour
 b - a +0 scale mail (worn)
 c - a +0 buckler (worn)
Jewellery
 g - a +6 ring of intelligence (left hand)
 l - an amulet of regeneration (around neck)
 t - a +4 ring of slaying
Scrolls
 j - a scroll of identify
 k - a scroll of teleportation {unknown}
 n - a scroll of amnesia {unknown}
 p - a scroll of fog {unknown}
 q - a scroll of blinking {unknown}
Potions
 d - 3 potions of might
 e - a potion of brilliance {unknown}
 f - 2 potions of attraction
 i - a potion of lignification {unknown}
 m - a potion of flight {unknown}
 o - 2 potions of curing {unknown}
 r - a potion of haste {unknown}
 s - a potion of ambrosia {unknown}


   Skills:
 + Level 3.3 Fighting
 + Level 2.5 Maces & Flails
 + Level 4.4 Armour
 + Level 3.9 Shields


You had 3 spell levels left.
You didn't know any spells.
Your spell library contained the following spells:

 Spells                   Type           Power      Damage    Failure   Level
 Inner Flame              Hex/Fire       0%         N/A       93%         3
 Flame Wave               Conj/Fire      0%         2d4       100%        4
 Sticky Flame             Conj/Fire      0%         2d3       100%        4


Dungeon Overview and Level Annotations

Branches:
Dungeon (3/15)

Altars:


Innate Abilities, Weirdness & Mutations

You are completely covered in rugged brown scales. (AC +3, +7% HP)
Armour fits poorly on your strangely shaped body.
You have a long armoured tail.
You roll when moving toward enemies. (Rampage)
Your long tongue fully drains potion bottles. (2x potion effects)
Your tongue gives you trouble enunciating. (1.5x scroll delay)


Message History

You roll towards the orc!
An orc comes into view. It is wielding a +0 dagger.
An orc priest comes into view. It is wielding a +0 club.
The orc priest shouts!
The orc shouts!
The orc priest looks encouraged for a moment.
The orc hits you with a +0 mace.
You closely miss the orc. The orc closely misses you.
You sock the orc!
You kill the orc!
You roll towards the orc!
You sock the orc!
You kill the orc!
You sock the orc!
You kill the orc!
The orc priest begins to cast a cantrip, but forgets the words!
You hit the orc.
The orc is lightly wounded.
The orc priest looks braver for a moment.
The orc hits you but does no damage.
You closely miss the orc.
The orc is lightly wounded.
The orc priest invokes the aid of Beogh against you.
Beogh smites you! The orc hits you with a +0 dagger.
You hit the orc.
The orc is heavily wounded.
The orc priest calls down the wrath of Beogh upon you.
Beogh smites you! The orc hits you but does no damage. x2
The orc priest mumbles some strange prayers to Beogh against you.
Beogh smites you!
* * * LOW HITPOINT WARNING * * *
Okay, then.
You barely miss the orc.
Your tail-slap misses the orc.
The orc is heavily wounded.
The orc priest looks braver for a moment.
The orc hits you but does no damage.
You hit the orc.
You kill the orc!
You roll towards the orc priest!
The orc priest mumbles some strange prayers to Beogh against you.
Pain shoots through your body!
You die...

#.....##
#.....#
#.....#
#.....#
#####.#
#.# #)#
#)# #@#
#o# #.#
#.# #.#
#.# #.#
#.#


You could see an orc priest.

Vanquished Creatures
  2 adders (D:2)
  2 worms (D:2)
  4 orcs (D:3)
  7 endoplasms
  2 giant cockroaches
  4 hobgoblins (D:1)
  3 jackals (D:1)
  3 quokkas
  6 ball pythons
  6 bats
  5 frilled lizards
  4 goblins
  3 kobolds
  A rat (D:1)
52 creatures vanquished.

Notes
Turn   | Place    | Note
-------+----------+-------------------------------------------
     0 | D:1      | Graphine the Armataur Fighter began the quest for the Orb.
     0 | D:1      | Reached XP level 1. HP: 19/19 MP: 1/1
   129 | D:1      | Reached XP level 2. HP: 26/26 MP: 2/2
   287 | D:1      | Reached skill level 4 in Armour
   484 | D:1      | You fall into a shaft and drop 1 floor!
   493 | D:2      | Reached XP level 3. HP: 32/33 MP: 3/3
  1365 | D:2      | Reached XP level 4. HP: 36/40 MP: 4/4
  1577 | D:3      | Killed from afar by an orc priest

Illustrated notes

Levels and vault maps discovered:
D:1:      dpeg_arrival_rhombus, layout_rooms, minmay_crystal_room, minivault_5,
          amcnicky_mini_corridor_feature, kennysheep_crisscross, st_stairs_10
D:2:      layout_loops_cross
D:3:      layout_basic, grunt_qazlal_clouds, nicolae_overflow_hidden_temple,
          serial_curves, eino_curves_04, eino_curves_02, minivault_4

Skill      XL: |  1  2 |
---------------+-------+-----
Maces & Flails | 2 |  2.5
Armour         | 4 |  4.4
Fighting       | 3 |  3.3
Shields        | |  3.9

Action                     |  1- 3 |  4- 6 || total
---------------------------+-------+-------++-------
  Melee: Flail             |   137 |    15 ||   152
         Tailslap          |    12 |     1 ||    13
    Use: Scroll            |     3 |       ||     3
 Armour: Scale mail        |    99 |     8 ||   107
  Dodge: Dodged            |    57 |     2 ||    59
  Block: Buckler           |    31 |     1 ||    32
